AoeStats
← Harmattan 05

Pilgrims

507571459Analyzed
2v2 RM · 12d ago on Sep 18, 2026· 44m 28s· 4 players
Game mode
Random Map
Map size
Medium (4 player)
Population
200
Speed
Normal
Resources
Standard
Victory
Conquest
Starting age
Dark Age
Ending age
Imperial Age
RankedLock teamsTeams togetherTeam positionsShared explorationLock speedFull tech treeHidden civsTurbo modeCheats
Victory
Defeat
🇪🇸 Goths · Spain
312
+18
🇪🇸 Vietnamese · Spain
301
+18
🇫🇷 Spanish · France
357
-18
🇫🇷 Burmese · France
349
-18
rovira04
7:30 Loom
16:52 Feudal Age
32:59 Castle Age
33:05 Forging
32:56 Scale Mail Armor
33:12 Pikeman
39:17 Double-Bit Axe
42:31 Iron Casting
42:11 Chain Mail Armor
nenegm21
10:18 Loom
14:22 Feudal Age
15:30 Fishing Lines
15:50 Double-Bit Axe
17:12 Gold Mining
17:08 Horse Collar
17:26 Arson
22:29 Wheelbarrow
27:07 Castle Age
26:53 Stone Mining
29:43 Thumb Ring
29:06 Crossbowman
30:47 Gillnets
31:19 Medium Warships
32:36 Stone Shaft Mining
32:16 Bow Saw
32:21 Heavy Plow
35:10 Chatras
37:00 Hand Cart
36:57 Squires
36:52 Fletching
37:04 Padded Archer Armor
39:02 Heated Shot
39:33 Ballistics
38:54 Treadmill Crane
42:37 Bloodlines
42:28 Husbandry
42:30 Bodkin Arrow
42:51 Leather Archer Armor
47:27 Imperial Age
Harmattan 05
benbarka71
5:49 Loom
23:11 Feudal Age
24:33 Wheelbarrow
23:46 Town Watch
23:55 Double-Bit Axe
23:56 Horse Collar
24:05 Fishing Lines
25:17 Gold Mining
28:06 Stone Mining
31:01 Arson
39:56 Castle Age
43:23 Castle Age
44:25 Town Patrol
Connection lost

Rejoining the realm…

Still unreachable

The connection could not be restored.

Session expired

The server has moved on; the page needs a fresh start.